[Event "Titled Tuesday Blitz April 11 Late 2023"]
[White "Rian, Kapriaga"]
[Black "Jordao Barbosa, Marcio"]
[WhiteFideId "7103263"]
[BlackFideId "2116219"]
[WhiteElo "2089"]
[BlackElo "2168"]
[Result "1-0"]
[Round "06"]
[TimeControl "180+2"]
[Date "2023.04.11"]
[WhiteClock "0:00:22"]
[BlackClock "0:00:35"]

1. d4 d5 2. Bf4 Nf6 3. e3 c5 4. c3 Nc6 5. Nd2 Bf5 6. Ngf3 e6 7. Qa4 Bd6 8. Ne5 Bxe5 9. Bxe5 O-O 10. Bxf6 Qxf6 11. dxc5 Ne5 12. Qd4 Rac8 13. f4 Ng4 14. Qxf6 gxf6 15. Ke2 Rxc5 16. h3 Nh6 17. g4 Bg6 18. Bg2 b5 19. a3 Rc7 20. Rhd1 a5 21. e4 dxe4 22. Nxe4 f5 23. Nf6+ Kg7 24. g5 Ng8 25. Nxg8 Bh5+ 26. Bf3 Bxf3+ 27. Kxf3 Rxg8 28. Rd4 Rb8 29. Rad1 Rc4 30. Ke3 Rc7 31. Rd7 Rxd7 32. Rxd7 b4 33. axb4 axb4 34. c4 Kg6 35. c5 b3 36. c6 Rc8 37. c7 f6 38. gxf6 Kxf6 39. Rxh7 e5 40. fxe5+ Kxe5 41. h4 Kd6 42. Kf4 Ke6 43. h5 Kf6 44. Rd7 Ke6 45. Rg7 Kf6 46. h6 Rh8 47. Rd7 Ke6 48. Rd3 Rc8 49. Rc3 Kf7 50. Rc6 1-0


[Site "https://www.chess.com"]

[Event "Titled Tuesday Blitz April 11 Late 2023"]
[White "Gabriel, Robert"]
[Black "Zaksaite, Salomeja"]
[WhiteFideId "4606477"]
[BlackFideId "12801496"]
[WhiteElo "2203"]
[BlackElo "2059"]
[Result "1/2-1/2"]
[Round "06"]
[TimeControl "180+2"]
[Date "2023.04.11"]
[WhiteClock "0:00:04"]
[BlackClock "0:00:05"]

1. d4 Nf6 2. Nf3 g6 3. c4 Bg7 4. Nc3 O-O 5. e4 d6 6. Be2 Nbd7 7. O-O e5 8. Qc2 Re8 9. Rd1 c6 10. dxe5 dxe5 11. h3 Qc7 12. Be3 Nf8 13. Rd2 Ne6 14. Rad1 Nf4 15. Bxf4 exf4 16. Bf1 h5 17. c5 Nh7 18. Bc4 g5 19. Rd6 Bf8 20. Rg6+ Kh8 21. Rxg5 Nxg5 22. Nxg5 Be6 23. Nxe6 fxe6 24. Qe2 Qh7 25. e5 Rad8 26. Rxd8 Rxd8 27. Ne4 Qf5 28. Nf6 Bxc5 29. Bxe6 Qg5 30. Bf7 Bd4 31. Bxh5 Bxe5 32. Ne4 f3 33. Bxf3 Qc1+ 34. Qf1 Qxf1+ 35. Kxf1 Bxb2 36. Ke2 Kg7 37. g4 b5 38. h4 a5 39. g5 a4 40. Bg4 b4 41. Bf5 Rf8 42. Ng3 Be5 43. Bd3 b3 44. axb3 Bxg3 45. fxg3 axb3 46. h5 c5 47. h6+ Kh8 48. g6 Re8+ 49. Kd2 Re7 50. g7+ Rxg7 51. hxg7+ Kxg7 52. Kc3 Kf6 53. Kxb3 Kg5 54. Kc4 Kg4 55. Kxc5 Kxg3 1/2-1/2


[Site "https://www.chess.com"]

[Event "Titled Tuesday Blitz April 11 Late 2023"]
[White "Joubert, Dantelle"]
[Black "Michalski, Olaf"]
[WhiteFideId "14310813"]
[BlackFideId "1106740"]
[WhiteElo "1507"]
[BlackElo "2173"]
[Result "0-1"]
[Round "06"]
[TimeControl "180+2"]
[Date "2023.04.11"]
[WhiteClock "0:00:18"]
[BlackClock "0:00:36"]

1. d4 d6 2. c4 g6 3. Nc3 Bg7 4. e4 Nc6 5. Be3 e5 6. dxe5 dxe5 7. Qxd8+ Nxd8 8. Nd5 Ne6 9. O-O-O c6 10. Nc3 f5 11. f3 Bh6 12. Bxh6 Nxh6 13. Nge2 O-O 14. h4 f4 15. Ng1 Nd4 16. Nce2 c5 17. Nc3 Be6 18. Nh3 Nf7 19. Ng5 Nxg5 20. hxg5 Kg7 21. Bd3 Bg8 22. Nd5 Ne6 23. Bc2 Nxg5 24. Nc7 Rad8 25. Ba4 a6 26. a3 Bxc4 27. b3 Bg8 28. Kb2 b5 0-1


[Site "https://www.chess.com"]

[Event "Titled Tuesday Blitz April 11 Late 2023"]
[White "Vachier-Lagrave, Maxime"]
[Black "Paravyan, David"]
[WhiteFideId "623539"]
[BlackFideId "4194985"]
[WhiteElo "2740"]
[BlackElo "2563"]
[Result "0-1"]
[Round "07"]
[TimeControl "180+2"]
[Date "2023.04.11"]
[WhiteClock "0:00:43"]
[BlackClock "0:00:05"]

1. e4 e5 2. Nf3 Nf6 3. Nxe5 d6 4. Nd3 Nxe4 5. Nf4 d5 6. d4 Nc6 7. c3 g5 8. Nd3 Bf5 9. Be2 Qf6 10. O-O O-O-O 11. f3 Nd6 12. f4 g4 13. Bxg4 Rg8 14. Bf3 Qg6 15. Ne5 Nxe5 16. fxe5 Bxb1 17. exd6 Bxd6 18. Bf4 Bd3 19. Bxd6 Bxf1 20. Bg3 Bd3 21. Qa4 Qa6 22. Qb4 Be4 23. Rf1 Rd7 24. Bh5 f5 25. a4 b6 26. Rf2 Qd3 27. Be2 Qe3 28. Bf1 Rdg7 29. Qb5 f4 30. Qc6 fxg3 31. Ba6+ Kd8 32. hxg3 Qc1+ 33. Kh2 Rg6 34. Rf6 Qh6+ 35. Kg1 Rxf6 36. Qa8+ Ke7 37. Qxg8 Qe3+ 0-1


[Site "https://www.chess.com"]

[Event "Titled Tuesday Blitz April 11 Late 2023"]
[White "Naroditsky, Daniel"]
[Black "Caruana, Fabiano"]
[WhiteFideId "2026961"]
[BlackFideId "2020009"]
[WhiteElo "2633"]
[BlackElo "2837"]
[Result "0-1"]
[Round "07"]
[TimeControl "180+2"]
[Date "2023.04.11"]
[WhiteClock "0:00:02"]
[BlackClock "0:00:14"]

1. d4 Nf6 2. Nc3 d5 3. Bf4 a6 4. e3 e6 5. a3 c5 6. Nf3 Nc6 7. dxc5 Bxc5 8. Bd3 O-O 9. O-O Qe7 10. e4 d4 11. Ne2 e5 12. Bd2 Nh5 13. Bg5 f6 14. Bd2 g6 15. Bh6 Rd8 16. Qd2 Be6 17. Ng3 Nxg3 18. fxg3 Rd7 19. Rf2 Qd6 20. Raf1 Rf7 21. g4 b5 22. h3 Qd7 23. Nh4 Be7 24. g5 fxg5 25. Rxf7 Bxf7 26. Bxg5 Bxg5 27. Qxg5 Rf8 28. Nf5 Qd8 29. Qh6 gxf5 30. exf5 Bd5 31. f6 Rf7 32. Rf5 Qf8 33. Qh4 Kh8 34. Rh5 e4 35. Be2 d3 36. cxd3 Nd4 37. Bf1 Qc5 38. Kh1 e3 39. Qg5 e2 40. Bxe2 Nxe2 41. Qd2 Ng3+ 42. Kh2 Nxh5 43. d4 Qd6+ 0-1


[Site "https://www.chess.com"]

[Event "Titled Tuesday Blitz April 11 Late 2023"]
[White "Hansen, Eric"]
[Black "Hakobyan, Aram"]
[WhiteFideId "2606771"]
[BlackFideId "13306677"]
[WhiteElo "2561"]
[BlackElo "2584"]
[Result "0-1"]
[Round "07"]
[TimeControl "180+2"]
[Date "2023.04.11"]
[WhiteClock "0:00:01"]
[BlackClock "0:00:03"]

1. d4 Nf6 2. c4 a6 3. f3 c5 4. d5 e6 5. e4 d6 6. Nc3 exd5 7. cxd5 b5 8. Be3 g6 9. Qd2 Bg7 10. Nge2 O-O 11. Ng3 Nbd7 12. Be2 Re8 13. O-O h5 14. Bg5 Qe7 15. Rae1 Qf8 16. a4 b4 17. Nd1 Nh7 18. Be3 Ne5 19. b3 h4 20. Nh1 f5 21. Nhf2 Bd7 22. Nb2 Qf6 23. Nc4 Nxc4 24. Bxc4 Qc3 25. Qe2 g5 26. Rc1 Qf6 27. Bxa6 f4 28. Bd2 Nf8 29. Bb5 Bxb5 30. Qxb5 Ng6 31. Ng4 Qb2 32. Qd3 Ne5 33. Nxe5 Qxe5 34. Rfd1 h3 35. gxh3 Kf7 36. Be1 Rh8 37. h4 Bf6 38. Kh1 Rag8 39. Bf2 g4 40. fxg4 Bxh4 41. Bg1 Bg3 42. Rc2 Rxg4 43. Rg2 Rgh4 44. Qf3 Ke7 45. Rf1 Kd8 46. Qe2 Rh3 47. Rf3 Qh5 48. e5 Qxe5 49. Qd3 Qe1 50. Rf1 Qe5 51. Rf3 Qh5 52. a5 Qh7 0-1


[Site "https://www.chess.com"]

[Event "Titled Tuesday Blitz April 11 Late 2023"]
[White "Bortnyk, Mykola"]
[Black "Lazavik, Denis"]
[WhiteFideId "14120836"]
[BlackFideId "13515110"]
[WhiteElo "2582"]
[BlackElo "2560"]
[Result "0-1"]
[Round "07"]
[TimeControl "180+2"]
[Date "2023.04.11"]
[WhiteClock "0:00:26"]
[BlackClock "0:01:14"]

1. e4 c5 2. c3 d5 3. exd5 Qxd5 4. d4 Nf6 5. Nf3 e6 6. Be3 cxd4 7. cxd4 Bb4+ 8. Nc3 Bd7 9. a4 O-O 10. Bd3 Qa5 11. O-O Nc6 12. Ne4 Be7 13. Rc1 Nb4 14. Nxf6+ Bxf6 15. Rc5 Qd8 16. Bb1 Nd5 17. Qd3 g6 18. Bh6 Bg7 19. Bxg7 Kxg7 20. Ba2 Bc6 21. Bxd5 Bxd5 22. b4 b6 23. Rc3 Bxf3 24. gxf3 Qg5+ 25. Kh1 Rad8 26. Qe4 Qf6 27. Rc4 Rd5 28. Re1 Rfd8 29. Rc7 Rxd4 30. Qe5 Qxe5 31. Rxe5 Rxb4 32. Rxa7 Kf6 33. Re2 Rd1+ 34. Kg2 Rbb1 35. f4 Rb4 36. Rc2 Rxf4 37. Rcc7 Kg7 38. Kg3 Rf5 39. Rc6 Rg1+ 40. Kh3 Rh5# 0-1


[Site "https://www.chess.com"]

[Event "Titled Tuesday Blitz April 11 Late 2023"]
[White "Sarana, Alexey"]
[Black "Kevlishvili, Robby"]
[WhiteFideId "24133795"]
[BlackFideId "1040634"]
[WhiteElo "2714"]
[BlackElo "2572"]
[Result "1-0"]
[Round "07"]
[TimeControl "180+2"]
[Date "2023.04.11"]
[WhiteClock "0:00:11"]
[BlackClock "0:00:06"]

1. d4 d5 2. c4 e6 3. Nc3 a6 4. cxd5 exd5 5. Bf4 c6 6. e3 Bd6 7. Bxd6 Qxd6 8. Bd3 Ne7 9. Qc2 Bg4 10. Nge2 Bh5 11. f3 Nd7 12. O-O Bg6 13. e4 dxe4 14. fxe4 O-O 15. e5 Nxe5 16. Bxg6 N5xg6 17. Ne4 Qb4 18. Nc5 Rad8 19. Rad1 Nd5 20. Rf3 Rde8 21. Nd7 Ne3 22. Qd2 Qe7 23. Nxf8 Nxd1 24. Qxd1 Nxf8 25. Nc3 Ng6 26. h3 Nh4 27. Rf2 Qe3 28. d5 cxd5 29. Nxd5 Qe1+ 30. Qxe1 Rxe1+ 31. Kh2 g6 32. Rc2 Kg7 33. Nf4 Re7 34. Rc8 h5 35. b3 Nf5 36. Kg1 h4 37. Kf2 Ng3 38. Kf3 g5 39. Nd3 Nf5 40. Kf2 Rd7 41. Rc3 Nd6 42. Ke3 Re7+ 43. Kf3 Ne4 44. Rc8 f5 45. Rd8 Nd2+ 46. Kf2 Ne4+ 47. Kf3 Nf6 48. Nc5 Kg6 49. Rd6 Kf7 50. b4 Re1 51. Rb6 Rf1+ 52. Ke2 Ra1 53. Rxb7+ Kg6 54. a4 Nd5 55. Nxa6 Rxa4 56. b5 Ra2+ 57. Kd3 Rxg2 58. Rd7 Nf4+ 59. Kc3 Rg3+ 60. Kc2 Rg2+ 61. Kc3 Rg3+ 62. Kc4 Rg1 63. b6 Rc1+ 64. Kb5 Rb1+ 65. Nb4 g4 66. b7 gxh3 67. b8=Q h2 68. Qg8+ Kf6 69. Qg7+ Ke6 70. Qe7# 1-0


[Site "https://www.chess.com"]

[Event "Titled Tuesday Blitz April 11 Late 2023"]
[White "Anton Guijarro, David"]
[Black "Gharibyan, Mamikon"]
[WhiteFideId "2285525"]
[BlackFideId "13308300"]
[WhiteElo "2618"]
[BlackElo "2445"]
[Result "1/2-1/2"]
[Round "07"]
[TimeControl "180+2"]
[Date "2023.04.11"]
[WhiteClock "0:00:03"]
[BlackClock "0:00:03"]

1. d4 Nf6 2. Nf3 d5 3. e3 c5 4. Be2 Nc6 5. O-O Bf5 6. dxc5 e6 7. a3 Bxc5 8. b4 Bd6 9. Bb2 O-O 10. Nbd2 Qe7 11. c4 dxc4 12. Nxc4 Bc7 13. Rc1 a6 14. Qb3 Rfd8 15. h3 h6 16. Rfd1 Be4 17. Qa2 Rxd1+ 18. Rxd1 Rd8 19. Rc1 Bb8 20. Qa1 Bd5 21. Ncd2 e5 22. Nf1 Ne4 23. Qb1 Ba7 24. Rd1 Qe6 25. Nh4 Qf6 26. Nf3 Qe6 27. Bd3 Nxf2 28. Bf5 Nxd1 29. Bxe6 Bxe6 30. Nxe5 Nxe3 31. Nxc6 bxc6 32. Nxe3 Bxe3+ 33. Kh1 Rd2 34. Qe4 Rxb2 35. Qxe3 Bd5 36. Kg1 Rxg2+ 37. Kf1 Ra2 38. Qc3 Kh7 39. h4 h5 40. Qg3 g6 41. Ke1 Rg2 42. Qe3 Rg4 43. Qa7 Bc4 44. Qc5 Re4+ 45. Kd2 Rxh4 46. Qe7 Rg4 47. Kc3 Bd5 48. Qa7 h4 49. Qxa6 h3 50. Qe2 Rh4 51. Qh2 Bg2 52. a4 c5 53. b5 Rxa4 54. Qc7 Ra3+ 55. Kb2 Rd3 56. Qxf7+ Kh6 57. Qf4+ g5 58. Qf8+ Kh5 59. Qf7+ Kg4 60. Qe6+ Kf4 61. Qf6+ Kg4 62. Qe6+ Kf4 63. Qf6+ Kg4 64. Qe6+ 1/2-1/2


[Site "https://www.chess.com"]

[Event "Titled Tuesday Blitz April 11 Late 2023"]
[White "Bakalchuk, Johnatan"]
[Black "Alekseenko, Kirill"]
[WhiteFideId "2810301"]
[BlackFideId "4135539"]
[WhiteElo "2450"]
[BlackElo "2683"]
[Result "1-0"]
[Round "07"]
[TimeControl "180+2"]
[Date "2023.04.11"]
[WhiteClock "0:00:20"]
[BlackClock "0:00:17"]

1. e4 c5 2. Nf3 Nc6 3. Nc3 d6 4. d4 cxd4 5. Nxd4 Nf6 6. Bc4 Bd7 7. f3 g6 8. Be3 Bg7 9. Qe2 O-O 10. O-O-O Rc8 11. Kb1 Na5 12. Bb3 a6 13. Qd2 Nc4 14. Bxc4 Rxc4 15. Nde2 b5 16. Bh6 b4 17. Nd5 Nxd5 18. Bxg7 Kxg7 19. exd5 Qa5 20. g4 Rfc8 21. Rc1 e6 22. dxe6 Bxe6 23. b3 R4c5 24. Nf4 Qc7 25. h4 h6 26. h5 g5 27. Qd4+ Kg8 28. Nxe6 fxe6 29. Qf6 Qf7 30. Qxh6 Rf8 31. Rhe1 Re8 32. Rcd1 Rc6 33. Qxg5+ Qg7 34. Qxg7+ Kxg7 35. Rd4 a5 36. Rde4 e5 37. f4 Rc5 38. g5 Rh8 39. fxe5 dxe5 40. Rxe5 Rxe5 41. Rxe5 Rxh5 42. Rxa5 Kg6 43. Rb5 Rh4 44. Kb2 Rf4 45. a3 bxa3+ 46. Kxa3 Rf2 47. c4 Rf1 48. Kb4 Rf4 49. Rd5 Rf8 50. Kc5 Rb8 51. b4 Rc8+ 52. Kd4 1-0


[Site "https://www.chess.com"]

[Event "Titled Tuesday Blitz April 11 Late 2023"]
[White "Rustemov, Alexander"]
[Black "Martinez Alcantara, Jose Eduardo"]
[WhiteFideId "4119002"]
[BlackFideId "3805662"]
[WhiteElo "2525"]
[BlackElo "2711"]
[Result "1-0"]
[Round "07"]
[TimeControl "180+2"]
[Date "2023.04.11"]
[WhiteClock "0:00:05"]
[BlackClock "0:00:14"]

1. d4 g6 2. c4 Bg7 3. Nf3 d6 4. g3 Nd7 5. Bg2 e5 6. Nc3 Ne7 7. O-O O-O 8. e4 Nc6 9. Bg5 Bf6 10. Be3 Nb6 11. d5 Ne7 12. Qd3 Nd7 13. b4 a6 14. c5 Bg7 15. Nd2 f5 16. f3 f4 17. Bf2 fxg3 18. hxg3 Nf6 19. Nc4 g5 20. cxd6 cxd6 21. Bb6 Qd7 22. Ne3 h5 23. a4 Qe8 24. Nc4 Qg6 25. Nxd6 h4 26. g4 Ne8 27. Nxc8 Nxc8 28. Be3 Ned6 29. a5 Bf6 30. Na4 Nb5 31. Nc5 Ncd6 32. Rac1 Rfc8 33. Nd7 Bg7 34. Nb6 Rxc1 35. Rxc1 Rf8 36. Nd7 Rf7 37. Nc5 h3 38. Bh1 Nd4 39. Rf1 N6b5 40. Kh2 Bf8 41. Qd2 Be7 42. Nd3 Qf6 43. Qf2 Bd6 44. Qg3 Ne2 45. Qf2 Nbd4 46. Re1 Nf4 47. Bxf4 gxf4 48. Rc1 Kg7 49. g5 Qg6 50. Qh4 Rf8 51. Qg4 Rf7 52. Kxh3 Ne2 53. Rc8 Ng3 54. Kg2 Qh7 55. Nf2 Qg6 56. Qh4 Bf8 57. Ng4 Re7 58. Qh6+ Qxh6 59. gxh6+ Kf7 60. Kh2 Bxh6 61. Nxh6+ Kg6 62. Nf5 Rh7+ 63. Kg2 Rxh1 64. Nxg3 Rb1 65. Nf5 Rxb4 66. Rg8+ Kf6 67. Rf8+ Kg5 68. d6 Rb2+ 69. Kf1 Rc2 70. Ke1 Rd2 71. Rf7 Kg6 72. Kxd2 Kxf7 73. Kd3 Ke6 74. Kc4 b5+ 75. axb6 Kd7 76. Kc5 Kc8 77. Kc6 Kb8 78. d7 Ka8 79. d8=Q# 1-0


[Site "https://www.chess.com"]

[Event "Titled Tuesday Blitz April 11 Late 2023"]
[White "Holt, Conrad"]
[Black "Zhigalko, Sergei"]
[WhiteFideId "2034387"]
[BlackFideId "13502956"]
[WhiteElo "2592"]
[BlackElo "2626"]
[Result "0-1"]
[Round "07"]
[TimeControl "180+2"]
[Date "2023.04.11"]
[WhiteClock "0:00:01"]
[BlackClock "0:00:04"]

1. d4 d5 2. c4 e6 3. Nc3 c6 4. e3 Bd6 5. Qg4 g6 6. Qf3 f5 7. Qd1 Nf6 8. Nf3 Nbd7 9. Bd3 Ne4 10. O-O O-O 11. Qc2 b6 12. b3 Bb7 13. Bb2 Rc8 14. Rac1 Qe7 15. Rfd1 g5 16. Ne2 Qf6 17. c5 Bb8 18. b4 g4 19. Ne5 Nxe5 20. dxe5 Bxe5 21. Bxe5 Qxe5 22. Qa4 Qb8 23. Nf4 e5 24. Nh5 Rc7 25. Qa3 b5 26. f4 gxf3 27. gxf3 Ng5 28. f4 Qe8 29. Ng3 exf4 30. Nxf5 Bc8 31. Nh4 Rg7 32. Kh1 Nh3 33. Rf1 fxe3 34. Rxf8+ Qxf8 0-1


[Site "https://www.chess.com"]

[Event "Titled Tuesday Blitz April 11 Late 2023"]
[White "Terry, Renato"]
[Black "Mammadov, Zaur"]
[WhiteFideId "3803457"]
[BlackFideId "13401033"]
[WhiteElo "2575"]
[BlackElo "2441"]
[Result "1/2-1/2"]
[Round "07"]
[TimeControl "180+2"]
[Date "2023.04.11"]
[WhiteClock "0:00:07"]
[BlackClock "0:00:05"]

1. Nf3 d5 2. d4 Nf6 3. c4 dxc4 4. e3 e6 5. Bxc4 c5 6. O-O cxd4 7. Nxd4 a6 8. Be2 Bd6 9. b3 e5 10. Nf3 e4 11. Nd4 Qe7 12. Nd2 O-O 13. Nc4 Bc5 14. a3 Rd8 15. Bb2 b5 16. Na5 Qe8 17. Qc2 Bd6 18. Ndc6 Nxc6 19. Nxc6 Rd7 20. Rad1 Bb7 21. Na5 Rc8 22. Qb1 Ba8 23. b4 Rcd8 24. Bxf6 gxf6 25. g3 Bc7 26. Nb3 Bb6 27. Rxd7 Rxd7 28. Rd1 Bd5 29. Nc5 Bxc5 30. bxc5 Bc6 31. Rd6 Rxd6 32. cxd6 Qe6 33. Qb4 Qd5 34. Kg2 Kg7 35. Qa5 Qxd6 36. Qxa6 Qc5 37. Qc8 Qd6 38. Qa6 Qc5 39. Qa5 Qd5 40. Qb4 h6 41. Qb2 Qf5 42. Qc3 Bd7 43. Qd4 Qh3+ 44. Kg1 Qe6 45. Bf1 Bc6 46. Qc3 Qd6 47. Qb4 Qe6 48. Bxb5 Bxb5 49. Qxb5 Qd6 50. Qf5 Qxa3 51. Qg4+ Kf8 52. Qxe4 Qc1+ 53. Kg2 Kg7 54. Qg4+ Kf8 55. Qf5 Kg7 56. h3 Qc6+ 57. Qf3 Qd6 58. Qe4 Qd8 59. Qg4+ Kf8 60. Qf5 Kg7 61. Qe4 Qa5 62. h4 Qb5 63. Qf3 Qa5 64. Qg4+ Kf8 65. Qf4 Kg7 66. Qe4 Qb5 67. Qd4 Qa5 68. e4 Qb5 69. Qd5 Qb2 70. Qf5 Qb7 71. Qg4+ Kf8 72. Qf5 Kg7 73. Kf3 Qb3+ 74. Kg4 Qb4 75. Kh3 Qd4 76. Kg2 Qc4 77. Kh2 Qd4 78. Kg1 Qc4 79. e5 Qc1+ 80. Kh2 fxe5 81. Qxe5+ Kh7 82. Qe4+ Kg7 83. Qe5+ Kh7 84. Qf6 Qc4 85. h5 Qd5 86. g4 Qc4 87. Kg3 Qd3+ 88. Qf3 Qc4 89. Qf4 Qd3+ 90. f3 Qb3 91. Qe4+ Kg7 92. Qd4+ Kh7 93. Qe4+ Kg7 94. Kf4 Qb6 95. Qe5+ Kh7 96. Qf5+ Kg7 97. Qe5+ Kh7 98. Qe3 Qc7+ 99. Ke4 Qc6+ 100. Kd3 Qd5+ 101. Ke2 Qa2+ 102. Qd2 Qe6+ 103. Kf2 Qb6+ 104. Kg2 Kg7 105. Qc3+ Kh7 106. Qe5 Kg8 107. Kg3 Kh7 108. Qe4+ Kg8 109. Kf4 Kg7 110. Qe5+ 1/2-1/2


[Site "https://www.chess.com"]

[Event "Titled Tuesday Blitz April 11 Late 2023"]
[White "Mortazavi, Ali"]
[Black "Kravtsiv, Martyn"]
[WhiteFideId "401323"]
[BlackFideId "14113147"]
[WhiteElo "2339"]
[BlackElo "2695"]
[Result "1-0"]
[Round "07"]
[TimeControl "180+2"]
[Date "2023.04.11"]
[WhiteClock "0:00:01"]
[BlackClock "0:00:01"]

1. Nf3 d5 2. g3 c5 3. Bg2 Nf6 4. O-O Nc6 5. d3 e5 6. Bg5 Bd6 7. Nc3 Be6 8. e4 d4 9. Nd5 Be7 10. Bxf6 Bxf6 11. c4 Be7 12. a3 O-O 13. Rb1 a5 14. Nd2 Bd6 15. f4 f6 16. Kh1 Kh8 17. Qe2 Rb8 18. a4 Nb4 19. b3 Na2 20. Ra1 Bxd5 21. cxd5 Nc3 22. Qh5 Qc7 23. Nc4 exf4 24. Nxd6 Qxd6 25. gxf4 Rfe8 26. Bh3 b5 27. Bf5 g6 28. Bxg6 Re7 29. axb5 Rxb5 30. Bf5 Rxb3 31. Rxa5 Rb8 32. Qh6 Rg8 33. Raa1 Ne2 34. Rf2 Nc3 35. Raf1 Reg7 36. Bh3 Qe7 37. Rg2 Nxe4 38. Rxg7 Rxg7 39. Be6 Nd6 40. Rg1 c4 41. Ra1 1-0


[Site "https://www.chess.com"]

[Event "Titled Tuesday Blitz April 11 Late 2023"]
[White "Nakamura, Hikaru"]
[Black "Kosteniuk, Alexandra"]
[WhiteFideId "2016192"]
[BlackFideId "4128125"]
[WhiteElo "2885"]
[BlackElo "2453"]
[Result "1-0"]
[Round "07"]
[TimeControl "180+2"]
[Date "2023.04.11"]
[WhiteClock "0:00:13"]
[BlackClock "0:00:01"]

1. e4 c6 2. Nc3 d5 3. Nf3 dxe4 4. Nxe4 Nf6 5. Qe2 Nxe4 6. Qxe4 Nd7 7. Bc4 Nf6 8. Qe2 Bf5 9. d4 e6 10. c3 Be7 11. a4 a5 12. O-O O-O 13. h3 h6 14. Ne5 Nd5 15. Bd2 Re8 16. f4 Bf8 17. g4 Bh7 18. g5 Bf5 19. Rf3 h5 20. g6 f6 21. Nf7 Qc7 22. Bd3 Ne7 23. Rg3 Bxd3 24. Qxd3 Nf5 25. Rg2 Nh4 26. Qe2 Nxg6 27. Rxg6 Qxf7 28. Qxh5 Qd7 29. Qg4 Kf7 30. Kh2 Qd5 31. Rg1 Ke7 32. Qe2 Kd7 33. c4 Qf5 34. Be3 Kc8 35. b3 Bd6 36. Rxg7 Bxf4+ 37. Bxf4 Qxf4+ 38. R1g3 Qxd4 39. Qh5 Rd8 40. Qf7 Qd2+ 41. Rg2 Qf4+ 42. R7g3 Kb8 43. Qxe6 Ka7 44. Qe3+ Qxe3 45. Rxe3 Rd7 46. Rf2 Rf8 47. h4 f5 48. Re5 Rdf7 49. Rxa5+ Kb6 50. Re5 Kc7 51. c5 f4 52. h5 Rf5 53. Rxf5 Rxf5 54. h6 Rxc5 55. Rf3 Rf5 56. h7 Rf8 57. Rxf4 Rh8 58. Rf7+ Kb6 59. Kg3 Ka6 60. Kf4 1-0


[Site "https://www.chess.com"]

[Event "Titled Tuesday Blitz April 11 Late 2023"]
[White "Melkumyan, Hrant"]
[Black "Bortnyk, Olexandr"]
[WhiteFideId "13302485"]
[BlackFideId "14120828"]
[WhiteElo "2604"]
[BlackElo "2734"]
[Result "1-0"]
[Round "07"]
[TimeControl "180+2"]
[Date "2023.04.11"]
[WhiteClock "0:00:12"]
[BlackClock "0:00:02"]

1. Nf3 Nf6 2. g3 b6 3. Bg2 Bb7 4. O-O g6 5. c4 Bg7 6. d4 O-O 7. d5 Na6 8. Nc3 Nc5 9. Nd4 e5 10. Nc2 a5 11. b3 Ne8 12. Bb2 f5 13. Qd2 Nd6 14. Na3 Ba6 15. Qc2 Qe7 16. Ncb5 Bxb5 17. Nxb5 Nxb5 18. cxb5 d6 19. a3 a4 20. b4 Nb3 21. Rad1 e4 22. Bxg7 Qxg7 23. e3 g5 24. Kh1 Rae8 25. f3 f4 26. gxf4 gxf4 27. Bh3 Kh8 28. Be6 fxe3 29. Qxe4 Nd2 30. Qxe3 Nxf1 31. Rxf1 Rf6 32. f4 Qg6 33. Qd4 Rf8 34. f5 Qh5 35. Qc3 Qe2 36. Re1 Qg4 37. h3 Qh4 38. Rg1 Qe4+ 39. Kh2 Qf4+ 40. Kh1 Qe4+ 41. Kh2 Qe2+ 42. Rg2 Qe5+ 43. Qxe5 dxe5 44. Rc2 Rxf5 45. Bxf5 Rxf5 46. Rxc7 Rf2+ 47. Kg3 Rd2 48. Kf3 Rxd5 49. Ke4 Rxb5 50. Re7 1-0


[Site "https://www.chess.com"]

[Event "Titled Tuesday Blitz April 11 Late 2023"]
[White "Grigorjev, Iljya"]
[Black "Tang, Andrew"]
[WhiteFideId "24159565"]
[BlackFideId "2059630"]
[WhiteElo "2323"]
[BlackElo "2596"]
[Result "1-0"]
[Round "07"]
[TimeControl "180+2"]
[Date "2023.04.11"]
[WhiteClock "0:01:16"]
[BlackClock "0:00:46"]

1. d4 d5 2. c4 e6 3. Nf3 Nf6 4. g3 dxc4 5. Bg2 Nc6 6. Qa4 Bd7 7. Qxc4 Na5 8. Qd3 c5 9. Nc3 Bc6 10. O-O Be7 11. Rd1 O-O 12. Rb1 c4 13. Qc2 b5 14. b4 cxb3 15. axb3 b4 16. Na4 Be4 17. Qa2 Bxb1 18. Qxb1 Rc8 19. Ne5 Nd5 20. Bd2 Nc3 21. Bxc3 bxc3 22. Qc2 Qd6 23. e3 Rc7 24. Nd3 Qb4 25. Nxb4 Bxb4 26. Nc5 Rcc8 27. Ra1 1-0


[Site "https://www.chess.com"]

[Event "Titled Tuesday Blitz April 11 Late 2023"]
[White "Keymer, Vincent"]
[Black "Sargsyan, Shant"]
[WhiteFideId "12940690"]
[BlackFideId "13306766"]
[WhiteElo "2651"]
[BlackElo "2628"]
[Result "0-1"]
[Round "07"]
[TimeControl "180+2"]
[Date "2023.04.11"]
[WhiteClock "0:00:05"]
[BlackClock "0:00:11"]

1. Nf3 g6 2. d4 Bg7 3. a3 d6 4. b4 c5 5. Bb2 Nc6 6. c3 Nf6 7. d5 Nb8 8. e3 O-O 9. c4 e6 10. dxe6 Bxe6 11. Be2 cxb4 12. axb4 Na6 13. Bc3 Rc8 14. Nbd2 Qb6 15. Qb3 Nd7 16. Bxg7 Kxg7 17. Qb2+ f6 18. Nd4 Bf7 19. Bg4 Ne5 20. Be2 Nxb4 21. O-O a5 22. Rfc1 Rfe8 23. Qa3 Nec6 24. Nxc6 Nxc6 25. Rab1 Qc7 26. Bf3 b6 27. Ne4 Nb4 28. Rd1 Rcd8 29. Qb2 Qe7 30. Qd4 d5 31. cxd5 Rxd5 32. Qxb6 Qd8 33. Qxd8 Rexd8 34. Rxd5 Rxd5 35. Ra1 Re5 36. Nd2 Rc5 37. Kf1 Nc2 38. Ra4 Be8 39. Ra2 Bb5+ 40. Be2 Nb4 41. Ra1 Nc2 42. Ra2 Bd7 43. Rb2 Nb4 44. Rb1 Bf5 45. Ra1 Nc2 46. Rd1 a4 47. Nc4 Be6 48. Rc1 Bxc4 49. Rxc2 Bxe2+ 50. Rxe2 Rc1+ 51. Re1 Rxe1+ 52. Kxe1 a3 53. Kd2 a2 0-1


[Site "https://www.chess.com"]

[Event "Titled Tuesday Blitz April 11 Late 2023"]
[White "Svane, Rasmus"]
[Black "Lobanov, Sergei"]
[WhiteFideId "4657101"]
[BlackFideId "24183750"]
[WhiteElo "2597"]
[BlackElo "2489"]
[Result "1-0"]
[Round "07"]
[TimeControl "180+2"]
[Date "2023.04.11"]
[WhiteClock "0:01:52"]
[BlackClock "0:01:13"]

1. Nf3 d5 2. g3 Nf6 3. Bg2 e6 4. O-O Be7 5. c4 O-O 6. b3 c5 7. cxd5 exd5 8. d4 cxd4 9. Nxd4 Nc6 10. Bb2 Bg4 11. Nc3 Re8 12. Rc1 Rc8 13. h3 Bd7 14. e3 Bd6 15. Nxd5 Nxd5 16. Bxd5 Nxd4 17. Rxc8 Qxc8 18. Bxd4 Bxh3 19. Qf3 Qd7 20. Rd1 Bg4 21. Bxf7+ Qxf7 22. Qxg4 Bf8 23. Bxa7 Ra8 24. Rd7 Qf6 25. Bd4 1-0


[Site "https://www.chess.com"]

[Event "Titled Tuesday Blitz April 11 Late 2023"]
[White "Grigoriants, Sergey"]
[Black "Goltsev, Dmitry"]
[WhiteFideId "4130804"]
[BlackFideId "24176710"]
[WhiteElo "2502"]
[BlackElo "2336"]
[Result "1-0"]
[Round "07"]
[TimeControl "180+2"]
[Date "2023.04.11"]
[WhiteClock "0:00:26"]
[BlackClock "0:00:03"]

1. d4 Nf6 2. c4 e6 3. Nc3 b6 4. e4 d6 5. Bd3 Bb7 6. Nf3 Nbd7 7. O-O e5 8. Re1 a5 9. b3 g6 10. h3 Bg7 11. Be3 O-O 12. Qd2 Nh5 13. Rad1 exd4 14. Nxd4 Nc5 15. Bc2 Re8 16. Bg5 Qd7 17. Nd5 Bxd5 18. cxd5 f6 19. Bh6 g5 20. Bxg7 Nxg7 21. a3 Qf7 22. b4 axb4 23. axb4 Nd7 24. Qc3 Ne5 25. Ra1 Qd7 26. Bb3 h5 27. Rec1 Rxa1 28. Rxa1 Re7 29. Ra8+ Kh7 30. Ba4 c6 31. Bxc6 Qa7 32. Rxa7 Rxa7 33. Nb5 Ra2 34. Nxd6 h4 35. Nf5 Nh5 36. d6 Nf4 37. Bb5 g4 38. d7 Nxd7 39. Qc7 Rd2 40. Qxf4 Rd1+ 41. Kh2 Ne5 42. Nxh4 1-0


[Site "https://www.chess.com"]

[Event "Titled Tuesday Blitz April 11 Late 2023"]
[White "Klukin, Kirill"]
[Black "Steinberg, Nitzan"]
[WhiteFideId "24199273"]
[BlackFideId "2801795"]
[WhiteElo "2344"]
[BlackElo "2486"]
[Result "1-0"]
[Round "07"]
[TimeControl "180+2"]
[Date "2023.04.11"]
[WhiteClock "0:00:18"]
[BlackClock "0:00:50"]

1. d4 d5 2. Nf3 Nf6 3. c4 e6 4. e3 c5 5. Nc3 a6 6. cxd5 exd5 7. Be2 Nc6 8. O-O Be7 9. dxc5 Bxc5 10. b3 O-O 11. Bb2 Re8 12. Rc1 Ba7 13. Na4 Ne4 14. Nd4 Bd7 15. Bf3 Ne5 16. Nc3 Nxf3+ 17. Nxf3 Bg4 18. Nxd5 Re6 19. Nc7 Rd6 20. Qc2 Bxf3 21. gxf3 Nd2 22. Nxa8 Rc6 23. Qd1 Rg6+ 24. Kh1 h5 25. Rg1 Qd5 26. Rxg6 fxg6 27. Nc7 Qf5 28. Qxd2 Qxf3+ 29. Kg1 Kh7 30. Qd1 Qf7 31. Nd5 Bb8 32. Nf4 Qf5 33. Qd4 Qg4+ 34. Kf1 1-0


[Site "https://www.chess.com"]